 Dungeon Crawl Stone Soup version 0.31-a0-151-ge443d1f16c (webtiles) character file.

Game seed: 17531888486138343173

101 qw the Shooter (level 4, -1/38 HPs)
             Began as a Minotaur Hunter on June 8, 2023.
             Slain by a gnoll
             ... wielding a +0 whip
              (2 damage)
             ... on level 4 of the Dungeon.
             The game lasted 00:00:46 (2004 turns).

qw the Shooter (Minotaur Hunter)                    Turns: 2004, Time: 00:00:46

Health: -1/38      AC:  7    Str: 15    XL:     4   Next: 48%
Magic:  3/3        EV: 11    Int:  6    God:
Gold:   10         SH:  0    Dex: 16    Spells: 3/3 levels left

rFire   . . .        Y - +1 orcbow (flame)
rCold   . . .        (shield currently unavailable)
rNeg    . . .        i - +0 ring mail
rPois   .            (helmet restricted)
rElec   .            (no cloak)
rCorr   .            j - +1 pair of gloves
SInv    .            (no boots)
Will    .....        (no amulet)
Stlth   +            (no ring)
HPRegen 0.26/turn    (no ring)
MPRegen 0.08/turn

%: no passive effects
@: about to teleport
A: horns 2, retaliatory headbutt
a: no special abilities


You were on level 4 of the Dungeon.
You visited 1 branch of the dungeon, and saw 4 of its levels.

You collected 133 gold pieces.
You spent 123 gold pieces at shops.


Innate Abilities, Weirdness & Mutations

You have a pair of horns on your head.
You reflexively headbutt those who attack you in melee.


   Skills:
 + Level 3.0 Fighting
 - Level 6.1 Ranged Weapons
 - Level 1.6 Armour
 - Level 2.1 Dodging
 - Level 0.7 Stealth


You had 3 spell levels left.
You didn't know any spells.
Your spell library was empty.

Inventory:

Hand Weapons
 Y - a +1 orcbow of flaming (weapon)
Armour
 i - a +0 ring mail (worn)
 j - a +1 pair of gloves (worn)
Scrolls
 a - a scroll of brand weapon {unknown}
 e - a scroll of identify
Potions
 d - a potion of resistance
 f - 2 potions of curing
 k - a potion of enlightenment {unknown}
 l - a potion of degeneration {unknown}
 m - a potion of might {unknown}

Dungeon Overview and Level Annotations

Branches:
Dungeon (4/15)
 Temple: D:4-7

Altars:

Shops:
D:3 *[(?(


Message History

The gnoll shouts!
The arrow hits the gnoll.
The arrow burns the gnoll.
The gnoll is moderately wounded.
A gnoll comes into view. It is wielding a +0 whip.
A gnoll comes into view. It is wielding a +0 flail.
You shoot an arrow. The arrow closely misses the gnoll.
The gnoll shouts!
A gnoll comes into view. It is wielding a +0 flail.
You shoot an arrow. The gnoll shouts!
The arrow hits the gnoll!
The arrow burns the gnoll.
You kill the gnoll!
The gnoll throws a throwing net.
The throwing net hits you.
You become entangled in the net!
Your Ranged Weapons skill increases to level 6!
You struggle against the net.
You struggle against the net.
You struggle against the net.
You rip the net and break free!
The gnoll hits you with a +0 flail.
You shoot an arrow.
The arrow hits the gnoll but does no damage.
The gnoll barely misses you.
You shoot an arrow. The arrow hits the gnoll.
The arrow burns the gnoll.
The gnoll is moderately wounded.
The gnoll hits you with a +0 flail.
You shoot an arrow. The arrow hits the gnoll.
The arrow burns the gnoll.
The gnoll is heavily wounded.
The gnoll barely misses you. You furiously retaliate!
You headbutt the gnoll, but do no damage.
The gnoll hits you with a +0 flail. The gnoll closely misses you.
You shoot an arrow. The arrow closely misses the gnoll.
The gnoll hits you with a +0 whip! The gnoll hits you with a +0 flail. x3
The gnoll hits you but does no damage. The gnoll barely misses you.
You furiously retaliate!
You headbutt the gnoll.
2004 ||| READING scroll of teleportation.
As you read the scroll of teleportation, it crumbles to dust.
You feel strangely unstable. The gnoll hits you with a +0 flail.
The gnoll hits you with a +0 whip.
You die...

....
#..#
#..#
#..#
#).##
...#
#gg#
#@g#
#..#
#..#
#..#
##.#
#.#
#.#
#.#
#.#


You could see 3 gnolls.

Vanquished Creatures
  A sleepcap (D:3)
  2 adders (D:2)
  A gnoll (D:4)
  A dart slug (D:3)
  An orc (D:3)
  3 endoplasms
  4 goblins
  4 hobgoblins
  4 quokkas
  3 ball pythons
  4 bats
  4 frilled lizards
  6 kobolds
  8 rats
46 creatures vanquished.

Notes
Turn   | Place    | Note
-------+----------+-------------------------------------------
     0 | D:1      | qw the Minotaur Hunter began the quest for the Orb.
     0 | D:1      | Reached XP level 1. HP: 18/18 MP: 0/0
     0 | D:1      | 0 ||| qw: Version: 0.2-a-120-gdf1a93b
     0 | D:1      | 0 ||| qw: Game counter: 3065
     0 | D:1      | 0 ||| qw: Always use a shield: true
     0 | D:1      | 0 ||| qw: God list: Okawaru
     0 | D:1      | 0 ||| qw: Allow faded altars: false
     0 | D:1      | 0 ||| qw: Do Orc after D:15 true
     0 | D:1      | 0 ||| qw: Do second Lair branch before Depths: true
     0 | D:1      | 0 ||| qw: Lair rune preference: random
     0 | D:1      | 0 ||| qw: Plans: Normal
     0 | D:1      | 0 ||| PLANNING D:1-11
   117 | D:1      | 117 ||| Stepping ~*~*~tactically~*~*~ (outnumbered).
   123 | D:1      | 123 ||| FLEEEEING.
   124 | D:1      | 124 ||| FLEEEEING.
   125 | D:1      | 125 ||| FLEEEEING.
   126 | D:1      | 126 ||| FLEEEEING.
   127 | D:1      | 127 ||| FLEEEEING.
   128 | D:1      | 128 ||| FLEEEEING.
   129 | D:1      | 129 ||| FLEEEEING.
   130 | D:1      | 130 ||| FLEEEEING.
   131 | D:1      | 131 ||| FLEEEEING.
   133 | D:1      | 133 ||| FLEEEEING.
   134 | D:1      | 134 ||| FLEEEEING.
   135 | D:1      | 135 ||| FLEEEEING.
   136 | D:1      | 136 ||| FLEEEEING.
   137 | D:1      | 137 ||| FLEEEEING.
   138 | D:1      | 138 ||| FLEEEEING.
   334 | D:1      | Reached XP level 2. HP: 25/25 MP: 1/1
   360 | D:1      | Reached skill level 5 in Ranged Weapons
   630 | D:1      | 630 ||| UPGRADING to +0 ring mail.
   640 | D:1      | 640 ||| DROPPING +0 leather armour.
   641 | D:1      | 641 ||| UPGRADING to +0 pair of gloves.
   646 | D:1      | 646 ||| READING scroll labelled IPLAOB MYQA.
   647 | D:1      | 647 ||| READING scroll labelled FIUROUF OLIMM.
   648 | D:1      | 648 ||| READING scroll labelled QAUF KUDAMUI.
   649 | D:1      | 649 ||| READING scroll labelled TEAMOUNOIP.
   650 | D:1      | 650 ||| DROPPING scroll of butterflies.
   755 | D:2      | Reached skill level 1 in Armour
   799 | D:2      | Reached XP level 3. HP: 26/30 MP: 2/2
  1059 | D:2      | Reached skill level 3 in Fighting
  1442 | D:2      | 1442 ||| DROPPING ring of wizardry.
  1443 | D:2      | 1443 ||| READING scroll labelled DOOXZI USIB.
  1444 | D:2      | 1444 ||| READING scroll labelled YNUDDIWUSI.
  1445 | D:2      | 1445 ||| READING scroll labelled BIAD KAFENGUI.
  1449 | D:2      | 1449 ||| READING scroll labelled KOIPEPH QOXANI.
  1449 | D:2      | Identified a scroll of acquirement
  1449 | D:2      | 1449 ||| ACQUIRING +1 orcbow of flaming
  1449 | D:2      | Acquired a +1 orcbow of flaming
  1451 | D:2      | 1451 ||| SWAPPING to +1 orcbow of flaming.
  1452 | D:2      | 1452 ||| DROPPING +0 shortbow.
  1453 | D:2      | 1453 ||| DRINKING 2 bubbling pink potions.
  1527 | D:3      | Reached XP level 4. HP: 30/38 MP: 3/3
  1605 | D:3      | Found Nutzewim's Antique Weapon Boutique.
  1687 | D:3      | Found Suyng's Weapon Shop.
  1806 | D:3      | Found Ulepupso's Magic Scroll Emporium.
  1831 | D:3      | 1831 ||| BUYING scroll of enchant armour (97 gold).
  1831 | D:3      | Bought a scroll of enchant armour for 97 gold pieces
  1831 | D:3      | 1831 ||| SHOPLISTING scroll of enchant weapon (97 gold,
                  | have 36).
  1831 | D:3      | 1831 ||| BUYING scroll of identify (26 gold).
  1831 | D:3      | Bought a scroll of identify for 26 gold pieces
  1831 | D:3      | 1831 ||| SHOPLISTING scroll of identify (26 gold, have 10).
  1831 | D:3      | 1831 ||| SHOPLISTING scroll of teleportation (39 gold, have
                  | 10).
  1831 | D:3      | 1831 ||| READING scroll of enchant armour.
  1831 | D:3      | 1831 ||| ENCHANTING +0 pair of gloves.
  1868 | D:3      | Found Noomn's General Store.
  1880 | D:3      | 1880 ||| SHOPLISTING +0 cloak (58 gold, have 10).
  1910 | D:3      | Found Muesiyramo's Armour Shoppe.
  1921 | D:3      | 1921 ||| SHOPLISTING +0 cloak (54 gold, have 10).
  1921 | D:3      | 1921 ||| SHOPLISTING +0 pair of boots (54 gold, have 10).
  1921 | D:3      | 1921 ||| SHOPLISTING +3 ring mail of fire resistance (312
                  | gold, have 10).
  1927 | D:3      | 1927 ||| READING scroll labelled VIZ JI UDWIALI.
  1928 | D:3      | 1928 ||| READING scroll labelled FADDIO RYCWURUANAL.
  1929 | D:3      | 1929 ||| DRINKING 2 lumpy emerald potions.
  1930 | D:3      | 1930 ||| READING 3 scrolls of identify.
  1930 | D:3      | 1930 ||| IDENTIFYING cyan potion
  1931 | D:3      | 1931 ||| READING 2 scrolls of identify.
  1931 | D:3      | 1931 ||| IDENTIFYING bubbling red potion
  1932 | D:3      | 1932 ||| DROPPING potion of ambrosia.
  1933 | D:3      | 1933 ||| DROPPING potion of brilliance.
  1996 | D:4      | Reached skill level 6 in Ranged Weapons
  2003 | D:4      | HP: 8/38 [gnoll/+0 flail (6)]
  2004 | D:4      | 2004 ||| READING scroll of teleportation.
  2004 | D:4      | HP: 1/38 [gnoll/+0 flail (6)]
  2004 | D:4      | Slain by a gnoll

Levels and vault maps discovered:
D:1:      amcnicky_arrival_underground_garden, layout_loops_ring
D:2:      layout_basic
D:3:      layout_rooms, serial_shops, nicolae_lakefront_shop, shop,
          nicolae_shop_bloodbath_and_beyond, shop, shop
D:4:      layout_loops_ring, mainiacjoe_overflow_cross_hatched, uniq_edmund

Skill      XL: |  1  2  3  4 |
---------------+-------------+-----
Ranged Weapons | 5 6 |  6.1
Armour         | 1 |  1.6
Fighting       | 3 |  3.0
Dodging        | |  2.1
Stealth        | |  0.7

Action                     |  1- 3 |  4- 6 || total
---------------------------+-------+-------++-------
   Fire: Shortbow          |    79 |       ||    79
         Orcbow            |    10 |    31 ||    41
    Use: Scroll            |     8 |     6 ||    14
         Potion            |     1 |     1 ||     2
 Armour: Leather armour    |     3 |       ||     3
         Ring mail         |    19 |     3 ||    22
  Dodge: Dodged            |    33 |     8 ||    41

Table legend:
 A = Non-vault XP
 B = Vault XP
 C = Vault XP percentage of total XP
 D = Non-vault monster count
 E = Vault monster count
 F = Vault count percentage of total count
                 A         B        C        D         E       F
            +---------+---------+-------+---------+---------+-------
      Total |     145 |       0 |   0.0 |      46 |       0 |   0.0
            +---------+---------+-------+---------+---------+-------
        D:1 |      16 |       0 |   0.0 |      13 |       0 |   0.0
        D:2 |      49 |       0 |   0.0 |      15 |       0 |   0.0
        D:3 |      64 |       0 |   0.0 |      16 |       0 |   0.0
        D:4 |      16 |       0 |   0.0 |       2 |       0 |   0.0
            +---------+---------+-------+---------+---------+-------
